 Dungeon Sprint DCSS version 0.28.0-49-g6dfe1f597d (webtiles) character file.

Game seed: 4465471336079944258

1158 Revguard the Covert (level 8, -8/67 HPs)
             Began as a Demonspawn Brigand on May 12, 2022.
             Was a Follower of Jiyva.
             Killed from afar by an oklob plant (13 damage)
             ... with a splash of acid
             ... in the Dungeon (Sprint I: "Red Sonja").
             The game lasted 00:05:48 (976 turns).

Revguard the Covert (Demonspawn Brigand)             Turns: 976, Time: 00:05:48

Health: -8/67      AC:  3    Str: 12    XL:     8   Next: 16%
Magic:  8/8        EV: 15    Int: 13    God:    Jiyva [*.....]
Gold:   162        SH:  0    Dex: 16    Spells: 7/7 levels left

rFire   . . .      SeeInvis .   a - +2 dagger
rCold   . . .      Faith    .   (no shield)
rNeg    . . .      Spirit   .   m - +0 ring mail
rPois   .          Reflect  .   (no helmet)
rElec   .          Harm     .   c - +0 cloak
rCorr   .          Rampage  .   (no gloves)
Will    .....      NoTele   +   (no boots)
Stlth   ++++......              (no amulet)
HPRegen 1.01/turn               (no ring)
MPRegen 0.36/turn               (no ring)

@: mighty, corroded
A: repulsion field 1, powered by pain 1, demonic touch 1
a: Renounce Religion


You were in the Dungeon.
You worshipped Jiyva.
Jiyva was aware of your devotion.
You visited 1 branch You collected 162 gold pieces.

Inventory:

Hand Weapons
 a - a +2 dagger (weapon)
Missiles
 d - 8 poisoned darts
 e - a curare-tipped dart (quivered)
Armour
 b - a +0 robe
 c - a +0 cloak (worn)
 m - a +0 ring mail (worn)
Wands
 l - a wand of polymorph (12)
Potions
 f - 2 potions of curing
 h - a potion of haste
 i - 2 potions of magic


   Skills:
 + Level 7.2 Fighting
 + Level 6.5 Short Blades
 + Level 6.5 Throwing
 + Level 6.1 Armour
 + Level 6.2 Dodging
 * Level 10.2 Stealth


You had 7 spell levels left.
You didn't know any spells.
Your spell library was empty.

Dungeon Overview and Level Annotations

Branches:
Dungeon (1/1)

Altars:
Cheibriados
Dithmenos
Elyvilon
Fedhas
Gozag
Hepliaklqana
Kikubaaqudgha
Makhleb
Nemelex Xobeh
Okawaru
Qazlal
Ru
Sif Muna
Trog
Uskayaw
Vehumet
Wu Jian
Xom
Yredelemnul
Zin
The Shining One
Jiyva
Lugonu

Shops:
D :(*[(*[

Annotations:
D exclusion: oklob plant, Sonja


Innate Abilities, Weirdness & Mutations

You are surrounded by a mild repulsion field. (EV +2)
You sometimes gain a little power by taking damage.
Your touch may inflict minor irresistible damage on your foes.


Message History

Really walk into a travel-excluded area?
You hit the oklob plant.
You touch the oklob plant.
The oklob plant is lightly damaged.
You hit the oklob plant.
The oklob plant is lightly damaged.
You hit the oklob plant.
You touch the oklob plant.
The oklob plant is moderately damaged.
The oklob plant spits acid at you. The splash of acid hits you!!
The acid corrodes you!
You hit the oklob plant but do no damage.
You touch the oklob plant.
The oklob plant is moderately damaged.
You hit the oklob plant but do no damage.
You punch the oklob plant, but do no damage.
The oklob plant is moderately damaged.
You hit the oklob plant but do no damage.
The oklob plant is moderately damaged.
You hit the oklob plant but do no damage.
You touch the oklob plant.
The oklob plant is moderately damaged.
You hit the oklob plant but do no damage.
The oklob plant is moderately damaged.
The oklob plant spits acid at you. The splash of acid hits you!!
You hit the oklob plant but do no damage.
The oklob plant is moderately damaged.
The oklob plant spits acid at you. The splash of acid hits you!!
* * * LOW HITPOINT WARNING * * *
You focus on the pain.
You feel very mighty all of a sudden.
You puncture the oklob plant!
You touch the oklob plant.
The oklob plant is severely damaged.
You puncture the oklob plant!
The oklob plant is severely damaged.
You hit the oklob plant.
The oklob plant is severely damaged.
The oklob plant spits acid at you. The splash of acid hits you!
You die...

############
..#.....#__#...
..'..#..'.....#
#'#####'#__####
..#...#.####.§####
###.J##.#≈≈§..#..#
__##.#_..)§≈.§§§.#
......._#≈§≈§.#..#
__##_.#§##§#####@#
__###.#.#....###P..#
#####.####.###.###.#
.......'.....'.∩# .#
####...########## #
.####.### ..#.#'#.#
..#.....# ..#.....#


You could see an oklob plant.

Vanquished Creatures
  A kobold demonologist (D)
  A slime creature (D)
  Sigmund (D)
  A yak (D)
  2 necrophages (D)
  An ogre (D)
  Ijyb (D)
8 creatures vanquished.

Vanquished Creatures (others)
  2 centaur warriors (D)
  6 shining eyes (D)
  A merfolk siren (D)
  3 hornets (D)
  2 redbacks (D)
  7 floating eyes (D)
  3 necrophages (D)
  21 jellies (D)
  2 ballistomycete spores (D)
47 creatures vanquished.

Grand Total: 55 creatures vanquished

Notes
Turn   | Place    | Note
-------+----------+-------------------------------------------
     0 | D        | Revguard the Demonspawn Brigand began the quest for the
                  | Orb.
     0 | D        | Reached XP level 1. HP: 16/16 MP: 1/1
     2 | D        | Noticed Ijyb
     6 | D        | Killed Ijyb
     7 | D        | Reached skill level 1 in Armour
     7 | D        | Reached skill level 4 in Stealth
     7 | D        | Gained mutation: Your touch may inflict minor irresistible
                  | damage on your foes. [demonic ancestry]
     7 | D        | Reached XP level 2. HP: 24/24 MP: 2/2
    22 | D        | Noticed an ogre
    27 | D        | Killed an ogre
    28 | D        | Reached skill level 5 in Stealth
    28 | D        | Gained mutation: You sometimes gain a little power by
                  | taking damage. [demonic ancestry]
    28 | D        | Reached XP level 3. HP: 26/30 MP: 3/3
    28 | D        | Reached XP level 4. HP: 32/37 MP: 4/4
    76 | D        | Noticed Sigmund
    79 | D        | Killed Sigmund
    80 | D        | Reached skill level 5 in Fighting
    80 | D        | Reached skill level 7 in Stealth
    80 | D        | Reached XP level 5. HP: 44/44 MP: 5/5
    91 | D        | Found a burning altar of Makhleb.
    91 | D        | Found a viscous altar of Jiyva.
    91 | D        | Found a shimmering altar of Xom.
    91 | D        | Found a corrupted altar of Lugonu.
    91 | D        | Noticed a slime creature
    99 | D        | HP: 2/44 [slime creature (15)]
   102 | D        | Killed a slime creature
   103 | D        | Reached skill level 5 in Short Blades
   103 | D        | Reached skill level 5 in Throwing
   103 | D        | Reached skill level 5 in Dodging
   103 | D        | Reached skill level 8 in Stealth
   103 | D        | Reached XP level 6. HP: 15/52 MP: 6/6
   345 | D        | Became a worshipper of Jiyva Jaohekh the Shapeless
   348 | D        | Found an ornate altar of the Wu Jian Council.
   348 | D        | Found a shimmering blue altar of Sif Muna.
   350 | D        | Found a radiant altar of Vehumet.
   354 | D        | Noticed a centaur warrior
   354 | D        | Killed a floating eye
   355 | D        | Noticed a centaur warrior
   360 | D        | Killed a centaur warrior
   361 | D        | Reached skill level 5 in Armour
   361 | D        | Reached XP level 7. HP: 20/58 MP: 7/7
   368 | D        | Killed a centaur warrior
   369 | D        | Reached skill level 9 in Stealth
   381 | D        | Noticed an oklob plant
   381 | D        | Noticed a hornet
   394 | D        | Killed a hornet
   401 | D        | Killed a redback
   419 | D        | Killed a redback
   439 | D        | Noticed a shining eye
   473 | D        | Noticed a shining eye
   505 | D        | Killed a shining eye
   509 | D        | Killed a shining eye
   532 | D        | Killed a shining eye
   534 | D        | Killed a shining eye
   535 | D        | Noticed Sonja
   668 | D        | Killed a shining eye
   721 | D        | Killed a hornet
   738 | D        | Killed a shining eye
   748 | D        | Killed a merfolk siren
   769 | D        | Killed a hornet
   810 | D        | Found a hazy altar of Hepliaklqana.
   810 | D        | Found a hide-covered altar of Uskayaw.
   810 | D        | Noticed a yak
   811 | D        | Found a stormy altar of Qazlal.
   811 | D        | Found a blossoming altar of Fedhas.
   812 | D        | Found Nihoniqu's Antique Armour Emporium.
   812 | D        | Found a bloodstained altar of Trog.
   813 | D        | Found an iron altar of Okawaru.
   813 | D        | Found a sacrificial altar of Ru.
   831 | D        | Killed a yak
   832 | D        | Reached skill level 10 in Stealth
   832 | D        | Gained mutation: You are surrounded by a mild repulsion
                  | field. (EV +2) [demonic ancestry]
   832 | D        | Reached XP level 8. HP: 39/67 MP: 8/8
   832 | D        | Found an ancient bone altar of Kikubaaqudgha.
   832 | D        | Found a basalt altar of Yredelemnul.
   832 | D        | Found a snail-covered altar of Cheibriados.
   832 | D        | Found a shadowy altar of Dithmenos.
   833 | D        | Found an opulent altar of Gozag.
   834 | D        | Found a sparkling altar of Nemelex Xobeh.
   847 | D        | Reached * piety under Jiyva
   856 | D        | Noticed a shining eye
   867 | D        | Found Zadghiggi's Book Boutique.
   869 | D        | Noticed a shining eye
   881 | D        | Found Otrajir's Weapon Shoppe.
   881 | D        | Found Naomnuna's General Store.
   883 | D        | Found Wiorhacepe's General Store.
   884 | D        | Found Bopt's Weapon Shop.
   918 | D        | Found Nerriugi's Armour Emporium.
   932 | D        | Noticed a kobold demonologist
   955 | D        | Killed a kobold demonologist
   973 | D        | HP: 3/67 [oklob plant/splash of acid (28)]
   976 | D        | Killed from afar by an oklob plant

Illustrated notes

Levels and vault maps discovered:
D:        dungeon_sprint_1 [red_sonja_temple_1, red_sonja_temple_small_1]

Skill      XL: |  1  2  3  4  5  6  7  8 |
---------------+-------------------------+-----
Fighting       | 3 5 6 7 |  7.2
Short Blades   | 2 3 4 5 6 |  6.5
Throwing       | 2 3 4 5 6 |  6.5
Armour         | 1 2 4 5 6 |  6.1
Dodging        | 2 3 4 5 6 |  6.2
Stealth        | 4 5 7 8 10 | 10.2

Action                   |  1- 3 |  4- 6 |  7- 9 || total
-------------------------+-------+-------+-------++-------
Melee: Dagger            |     7 |    11 |    69 ||    87
       Touch             |     2 |     3 |    19 ||    24
       Punch             |       |     1 |     1 ||     2
Throw: Dart              |       |       |     1 ||     1
  Use: Potion            |       |     2 |     1 ||     3
       Scroll            |       |       |     1 ||     1
 Stab: Sleeping          |     2 |     2 |       ||     4
Armor: Robe              |     1 |       |       ||     1
       Ring mail         |       |     4 |     8 ||    12
Dodge: Dodged            |     1 |     9 |    24 ||    34
